 Dungeon Crawl Stone Soup version 0.27.1-34-g3ba077fa99 (webtiles) character file.

Game seed: 17510112758861649151

65 cbfl8 the Sneak (level 3, -1/33 HPs)
             Began as a Minotaur Delver on Jan 23, 2022.
             Was an Initiate of Yredelemnul.
             Slain by an orc wizard (3 damage)
             ... on level 4 of the Dungeon.
             The game lasted 00:01:28 (215 turns).

cbfl8 the Sneak (Minotaur Delver)                    Turns: 215, Time: 00:01:29

Health: -1/33      AC: 10    Str: 17    XL:     3   Next: 94%
Magic:  2/2        EV:  5    Int:  7    God:    Yredelemnul [......]
Gold:   22         SH:  0    Dex: 11    Spells: 2/2 levels left

rFire    . . .     SeeInvis .   a - +0 hand axe
rCold    . . .     Faith    .   (no shield)
rNeg     . . .     Spirit   .   h - +0 plate armour
rPois    .         Reflect  .   (helmet restricted)
rElec    .         Harm     .   (no cloak)
rCorr    .         Rampage  .   (no gloves)
Will     .....                  (no boots)
Stlth    ..........             (no amulet)
HPRegen  0.11/turn              (no ring)
MPRegen  0.08/turn              (no ring)

@: lethally poisoned (-1 -> -6)
A: horns 2, retaliatory headbutt
a: Renounce Religion


You were on level 4 of the Dungeon.
You worshipped Yredelemnul.
Yredelemnul was noncommittal.
You visited 1 branch of the dungeon, and saw 2 of its levels.

You collected 22 gold pieces.

Inventory:

Hand Weapons
 a - a +0 hand axe (weapon)
Missiles
 i - 8 poisoned darts (quivered)
Armour
 b - a +0 leather armour
 h - a +0 plate armour (worn)
 j - a +1 helmet
Wands
 g - a wand of digging (3)
Scrolls
 c - a scroll of fog
 d - a scroll of magic mapping
 e - a scroll of fear
Potions
 f - a potion of haste


   Skills:
 + Level 4.2 Fighting
 + Level 2.7 Axes
 + Level 0.2 Armour
 + Level 2.3 Dodging
 + Level 5.0 Stealth


You had 2 spell levels left.
You didn't know any spells.
Your spell library was empty.

Dungeon Overview and Level Annotations

Branches:
Dungeon (5/15)
 Temple: D:4-7

Altars:
Fedhas
Makhleb
Vehumet
Yredelemnul


Innate Abilities, Weirdness & Mutations

You have a pair of horns on your head.
You reflexively headbutt those who attack you in melee.


Message History

The orc priest is almost dead.
Your plate armour prevents you from hitting something.
The orc priest hits you with a +0 whip. Something hits you but does no damage.
You are poisoned.
You slash the orc priest!
You kill the orc priest!
Yredelemnul accepts your kill.
You barely miss something.
You feel sick. Something hits you but does no damage.
You are lethally poisoned!
Your Stealth skill increases to level 5!
There is a lethal amount of poison in your body!
Okay, then.
* * * LOW HITPOINT WARNING * * *
You feel very sick. Something hits you but does no damage.
Things that are here:
a +0 whip; a +0 flail; an orc corpse
There is a lethal amount of poison in your body!
There is a lethal amount of poison in your body!
There is a lethal amount of poison in your body!
There is a lethal amount of poison in your body!
There is a lethal amount of poison in your body!
There is a lethal amount of poison in your body!
There is a lethal amount of poison in your body!
There is a lethal amount of poison in your body!
There is a lethal amount of poison in your body!
There is a lethal amount of poison in your body!
* * * LOW HITPOINT WARNING * * *
You feel sick.
* * * LOW HITPOINT WARNING * * *
You feel very sick. Something hits you but does no damage.
* * * LOW HITPOINT WARNING * * *
You feel sick.
You hit something but do no damage.
* * * LOW HITPOINT WARNING * * *
You feel sick. Something hits you.
You die...
Your body rises from the dead as a mindless zombie.

........###'#..............
........#...#..............
........#...#..............
........#...#..............
........#...#..............
.......))...#..............
........#)..#..............
........#...#..............
........##@.#..............
##########..########.......
..... #)...... ........
#...(... ...........
#....... #.####.#####
#....... #. ## ###+##.. #
#.. #..


There were no monsters in sight!

Vanquished Creatures
  A hound (D:5)
  An orc priest (D:4)
  2 orcs (D:4)
  2 goblins (D:4)
6 creatures vanquished.

Notes
Turn   | Place    | Note
-------+----------+-------------------------------------------
     0 | D:5      | cbfl8 the Minotaur Delver began the quest for the Orb.
     0 | D:5      | Reached XP level 1. HP: 19/19 MP: 0/0
    10 | D:5      | Noticed a hound
    16 | D:5      | Killed a hound
    17 | D:5      | Reached XP level 2. HP: 22/27 MP: 1/1
    17 | D:5      | Reached XP level 3. HP: 27/33 MP: 2/2
    71 | D:5      | Found a basalt altar of Yredelemnul.
    76 | D:5      | Became a worshipper of Yredelemnul the Dark
    84 | D:5      | Found a blossoming altar of Fedhas.
    87 | D:5      | Found a burning altar of Makhleb.
    92 | D:5      | Found a radiant altar of Vehumet.
   211 | D:4      | Reached skill level 5 in Stealth
   215 | D:4      | Slain by an orc wizard

Illustrated notes

Levels and vault maps discovered:
D:4:      layout_gridville, trog_ov_bears_minmay, uniq_ijyb
D:5:      layout_loops_ring, grunt_temple_overflow_cloverleaf,
          mainiacjoe_overflow_catwalk

Skill      XL: |  1  2  3 |
---------------+----------+-----
Fighting       | 4 |  4.2
Stealth        | 5 |  5.0
Axes           | |  2.7
Armour         | |  0.2
Dodging        | |  2.3

Action                   || total
-------------------------++-------
Melee: Hand axe          ||    19
       Headbutt          ||     2
Armor: Plate armour      ||     8
Dodge: Dodged            ||     7
